General information
- name: BNet
- type: Ladder team game (AT/RT)
- host: Battle.net
- saver: skrt
map: Battleground_LV
- players: 8
- length: 19:43
- speed: Fast
- version: 1.10030 W3XP
- replay type: Public
» download(275 KB)
Players
team 1 (loser)

»
Richter (
purple | 117 APM | 2299 actions | 19:43)
4 Pit Lord
2 Rain of Fire
2 Cleaving Attack
2 Death Knight
1 Death Coil
1 Unholy Aura
» actions
| Assign group hotkey | 56 | |
| Basic commands | 226 | |
| Build / train | 53 | |
| ESC pressed | 4 | |
| Enter build submenu | 14 | |
| Enter hero's abilities submenu | 7 | |
| Give item / drop item | 2 | |
| Right click | 485 | |
| Select / deselect | 624 | |
| Select group hotkey | 765 | |
| Use ability | 63 | |
2299 total
» units
| Acolyte | 8 | |
| Ghoul | 2 | |
| Crypt Fiend | 10 | |
| Obsidian Statue | 4 | |
| Meatwagon | 4 | |
| Abomination | 3 | |
31 total
» upgrades
| Creature Attack | 1 | |
| Creature Carapace | 1 | |
| Web | 1 | |
| Disease Cloud | 1 | |
4 total
» buildings
| Ziggurat | 5 | |
| Crypt | 1 | |
| Graveyard | 1 | |
| Altar of Darkness | 1 | |
| Tomb of Relics | 1 | |
| Spirit Tower | 2 | |
| Halls of the Dead | 1 | |
| Slaughterhouse | 2 | |
| Black Citadel | 1 | |
15 total
» build order
00:09 Ziggurat
00:21 Crypt
00:40 Graveyard
00:56 Ziggurat
01:38 Altar of Darkness
01:59 Tomb of Relics
02:09 Spirit Tower
03:47 Ziggurat
04:48 Halls of the Dead
05:28 Ziggurat
06:46 Spirit Tower
07:10 Slaughterhouse
10:07 Ziggurat
10:09 Black Citadel
12:57 Slaughterhouse
» items
| Rod of Necromancy | 3 | |
| Scroll of Town Portal | 3 | |
6 total

»
Covington (
teal | 113 APM | 2225 actions | 19:37)
4 Archmage
2 Summon Water Elemental
2 Brilliance Aura
2 Mountain King
1 Storm Bolt
1 Bash
» actions
| Assign group hotkey | 27 | |
| Basic commands | 7 | |
| Build / train | 92 | |
| ESC pressed | 5 | |
| Enter build submenu | 21 | |
| Enter hero's abilities submenu | 6 | |
| Give item / drop item | 1 | |
| Remove unit from queue | 3 | |
| Right click | 928 | |
| Select / deselect | 406 | |
| Select group hotkey | 614 | |
| Use ability | 115 | |
2225 total
» units
| Peasant | 32 | |
| Footman | 8 | |
| Priest | 3 | |
| Rifleman | 4 | |
| Sorceress | 1 | |
| Mortar Team | 3 | |
51 total
» upgrades
| Long Rifles | 1 | |
| Lumber Harvesting | 1 | |
| Priest Training | 1 | |
| Gunpowder | 1 | |
| Armor | 1 | |
5 total
» buildings
| Altar of Kings | 1 | |
| Barracks | 1 | |
| Farm | 5 | |
| Scout Tower | 6 | |
| Arcane Tower | 3 | |
| Town Hall | 2 | |
| Keep | 1 | |
| Arcane Vault | 1 | |
| Lumber Mill | 2 | |
| Arcane Sanctum | 1 | |
| Guard Tower | 3 | |
| Blacksmith | 1 | |
| Workshop | 1 | |
28 total
» build order
00:12 Altar of Kings
00:20 Barracks
00:35 Farm
00:47 Farm
01:34 Scout Tower
01:42 Farm
02:00 Arcane Tower
03:19 Farm
04:21 Town Hall
04:23 Scout Tower
04:25 Scout Tower
04:28 Keep
04:42 Arcane Vault
04:44 Lumber Mill
05:26 Arcane Tower
05:26 Arcane Tower
06:39 Scout Tower
06:44 Lumber Mill
06:47 Scout Tower
07:00 Arcane Sanctum
07:45 Guard Tower
07:45 Guard Tower
07:48 Guard Tower
07:59 Blacksmith
08:16 Scout Tower
11:43 Farm
14:08 Workshop
15:15 Town Hall
» items
| Scroll of Regeneration | 3 | |
| Lesser Clarity Potion | 1 | |
| Potion of Healing | 4 | |
| Scroll of Town Portal | 4 | |
12 total

»
skrt (
yellow | 157 APM | 3090 actions | 19:43)
4 Keeper of the Grove
2 Entangling Roots
2 Force of Nature
2 Priestess of the Moon
1 Trueshot Aura
1 Searing Arrows
» actions
| Assign group hotkey | 26 | |
| Basic commands | 235 | |
| Build / train | 63 | |
| Enter build submenu | 15 | |
| Enter hero's abilities submenu | 8 | |
| Give item / drop item | 1 | |
| Right click | 1567 | |
| Select / deselect | 622 | |
| Select group hotkey | 488 | |
| Use ability | 65 | |
3090 total
» units
| Wisp | 17 | |
| Huntress | 11 | |
| Archer | 8 | |
| Chimaera | 2 | |
38 total
» upgrades
| Sentinel | 1 | |
| Strength of the Wild | 3 | |
| Upgrade Moon Glaive | 1 | |
5 total
» buildings
| Altar of Elders | 1 | |
| Moon Well | 5 | |
| Hunter's Hall | 1 | |
| Ancient of War | 2 | |
| Ancient of Wonders | 1 | |
| Tree of Ages | 1 | |
| Tree of Life | 2 | |
| Tree of Eternity | 1 | |
| Chimaera Roost | 2 | |
16 total
» build order
00:03 Altar of Elders
00:06 Moon Well
01:21 Hunter's Hall
02:02 Ancient of War
02:05 Ancient of War
02:14 Moon Well
03:19 Moon Well
04:10 Ancient of Wonders
05:11 Tree of Ages
05:33 Tree of Life
05:54 Moon Well
09:54 Tree of Eternity
12:46 Chimaera Roost
12:48 Chimaera Roost
13:16 Moon Well
17:54 Tree of Life
» items
| Lesser Clarity Potion | 1 | |
| Scroll of Regeneration | 2 | |
| Scroll of Town Portal | 4 | |
| Potion of Mana | 1 | |
| Orb of Corruption | 1 | |
| Potion of Healing | 1 | |
10 total

»
Ekthehuss (
green | 59 APM | 1165 actions | 19:39)
4 Death Knight
2 Death Coil
2 Unholy Aura
» actions
| Assign group hotkey | 32 | |
| Basic commands | 79 | |
| Build / train | 54 | |
| ESC pressed | 1 | |
| Enter build submenu | 18 | |
| Enter hero's abilities submenu | 4 | |
| Right click | 552 | |
| Select / deselect | 249 | |
| Select group hotkey | 130 | |
| Use ability | 46 | |
1165 total
» units
| Acolyte | 9 | |
| Ghoul | 4 | |
| Crypt Fiend | 4 | |
| Gargoyle | 16 | |
33 total
» upgrades
| Creature Attack | 3 | |
| Creature Carapace | 3 | |
6 total
» buildings
| Crypt | 5 | |
| Graveyard | 1 | |
| Ziggurat | 7 | |
| Altar of Darkness | 2 | |
| Tomb of Relics | 1 | |
| Halls of the Dead | 1 | |
| Black Citadel | 1 | |
| Spirit Tower | 1 | |
19 total
» build order
00:10 Crypt
00:19 Graveyard
00:44 Ziggurat
01:00 Altar of Darkness
01:42 Ziggurat
02:12 Tomb of Relics
02:59 Ziggurat
03:02 Ziggurat
04:06 Halls of the Dead
05:48 Ziggurat
06:20 Crypt
07:30 Ziggurat
08:12 Crypt
11:16 Black Citadel
11:38 Ziggurat
13:45 Spirit Tower
14:53 Altar of Darkness
16:00 Crypt
16:01 Crypt
» items
| Rod of Necromancy | 1 | |
| Boots of Speed | 1 | |
| Scroll of Town Portal | 1 | |
| Potion of Healing | 2 | |
| Orb of Corruption | 1 | |
| Scroll of Healing | 1 | |
7 total
team 2 (winner)

»
opalcat91 (
pink | 79 APM | 1551 actions | 19:43)
5 Keeper of the Grove
3 Entangling Roots
2 Thorns Aura
3 Priestess of the Moon
2 Trueshot Aura
1 Searing Arrows
1 Naga Sea Witch
1 Frost Arrows
» actions
| Assign group hotkey | 37 | |
| Basic commands | 3 | |
| Build / train | 67 | |
| Enter build submenu | 21 | |
| Enter hero's abilities submenu | 9 | |
| Remove unit from queue | 3 | |
| Right click | 786 | |
| Select / deselect | 234 | |
| Select group hotkey | 341 | |
| Use ability | 50 | |
1551 total
» units
| Wisp | 20 | |
| Archer | 7 | |
| Dryad | 4 | |
| Hippogryph | 7 | |
| Chimaera | 6 | |
44 total
» upgrades
| Abolish Magic | 1 | |
| Strength of the Wild | 2 | |
| Corrosive Breath | 1 | |
| Reinforced Hides | 1 | |
5 total
» buildings
| Altar of Elders | 1 | |
| Moon Well | 8 | |
| Ancient of War | 2 | |
| Ancient of Wonders | 1 | |
| Tree of Ages | 1 | |
| Tree of Life | 3 | |
| Hunter's Hall | 1 | |
| Tree of Eternity | 1 | |
| Ancient of Lore | 1 | |
| Ancient of Wind | 1 | |
| Chimaera Roost | 3 | |
23 total
» build order
00:09 Altar of Elders
00:10 Moon Well
01:23 Ancient of War
01:31 Moon Well
01:49 Ancient of War
02:15 Ancient of Wonders
02:21 Moon Well
05:05 Tree of Ages
05:21 Tree of Life
06:08 Moon Well
06:44 Hunter's Hall
07:11 Moon Well
07:49 Tree of Eternity
07:54 Tree of Life
08:08 Tree of Life
08:15 Ancient of Lore
08:19 Ancient of Wind
11:31 Chimaera Roost
11:32 Chimaera Roost
11:33 Chimaera Roost
12:11 Moon Well
13:49 Moon Well
15:12 Moon Well
» items
ReLearn (
orange | 122 APM | 2416 actions | 19:43)
6 Far Seer
3 Feral Spirit
2 Chain Lighting
1 Earth Quake
3 Tauren Chieftain
2 Endurance Aura
1 Shockwave
» actions
| Assign group hotkey | 46 | |
| Basic commands | 2 | |
| Build / train | 63 | |
| ESC pressed | 1 | |
| Enter build submenu | 20 | |
| Enter hero's abilities submenu | 9 | |
| Give item / drop item | 1 | |
| Remove unit from queue | 2 | |
| Right click | 1525 | |
| Select / deselect | 274 | |
| Select group hotkey | 352 | |
| Use ability | 121 | |
2416 total
» units
| Peon | 7 | |
| Troll Headhunter/Berserker | 14 | |
| Shaman | 6 | |
| Troll Witch Doctor | 5 | |
32 total
» upgrades
| Ranged Weapons | 3 | |
| Shaman Training | 2 | |
| Witch Doctor Training | 2 | |
| Berserker Upgrade | 1 | |
| Armor | 1 | |
| Reinforced Defenses | 1 | |
10 total
» buildings
| Altar of Storms | 1 | |
| Orc Burrow | 6 | |
| War Mill | 2 | |
| Barracks | 2 | |
| Voodoo Lounge | 1 | |
| Stronghold | 1 | |
| Spirit Lodge | 2 | |
| Tauren Totem | 1 | |
| Fortress | 2 | |
| Watch Tower | 6 | |
24 total
» build order
00:09 Altar of Storms
00:18 Orc Burrow
00:36 War Mill
01:21 Barracks
01:44 Voodoo Lounge
01:58 Orc Burrow
02:54 Stronghold
03:41 Orc Burrow
05:16 Spirit Lodge
05:19 Tauren Totem
05:23 Spirit Lodge
06:02 Fortress
06:02 Fortress
06:46 Orc Burrow
08:17 Orc Burrow
10:10 War Mill
12:34 Barracks
16:27 Orc Burrow
16:42 Watch Tower
16:44 Watch Tower
16:48 Watch Tower
17:52 Watch Tower
17:54 Watch Tower
17:55 Watch Tower
» items
| Healing Salve | 2 | |
| Scroll of Speed | 1 | |
| Lesser Clarity Potion | 1 | |
4 total
Dharma (
red | 58 APM | 1148 actions | 19:43)
6 Goblin Alchemist
2 Acid Bomb
3 Chemical Rage
1 Transmute
4 Tauren Chieftain
2 Shockwave
2 Endurance Aura
» actions
| Basic commands | 123 | |
| Build / train | 69 | |
| ESC pressed | 6 | |
| Enter build submenu | 14 | |
| Enter hero's abilities submenu | 10 | |
| Right click | 503 | |
| Select / deselect | 321 | |
| Use ability | 102 | |
1148 total
» units
| Peon | 13 | |
| Grunt | 12 | |
| Wind Rider | 5 | |
| Troll Batrider | 5 | |
| Shaman | 2 | |
37 total
» upgrades
| Berserker Strength | 1 | |
| Pillage | 1 | |
| Reinforced Defenses | 1 | |
| Armor | 1 | |
| Envenomed Spears | 1 | |
| Shaman Training | 2 | |
| War Drums Damage Increase | 1 | |
8 total
» buildings
| Orc Burrow | 5 | |
| Barracks | 1 | |
| Altar of Storms | 1 | |
| Voodoo Lounge | 2 | |
| Stronghold | 1 | |
| War Mill | 1 | |
| Beastiary | 2 | |
| Fortress | 1 | |
| Spirit Lodge | 1 | |
15 total
» build order
00:16 Orc Burrow
00:49 Barracks
01:29 Orc Burrow
01:35 Altar of Storms
01:46 Orc Burrow
02:15 Voodoo Lounge
02:23 Voodoo Lounge
03:47 Stronghold
07:03 War Mill
08:03 Beastiary
08:05 Beastiary
08:09 Orc Burrow
11:19 Fortress
11:21 Spirit Lodge
18:29 Orc Burrow
» items
| Healing Salve | 5 | |
| Lesser Clarity Potion | 2 | |
| Scroll of Speed | 2 | |
| Scroll of Town Portal | 1 | |
10 total

»
greppero (
blue | 62 APM | 1233 actions | 19:43)
6 Goblin Alchemist
2 Chemical Rage
3 Healing Spray
1 Transmute
» actions
| Basic commands | 5 | |
| Build / train | 74 | |
| Enter build submenu | 15 | |
| Enter hero's abilities submenu | 6 | |
| Remove unit from queue | 4 | |
| Right click | 715 | |
| Select / deselect | 354 | |
| Use ability | 60 | |
1233 total
» units
| Wisp | 21 | |
| Archer | 20 | |
| Mountain Giant | 8 | |
49 total
» upgrades
| Strength of the Moon | 1 | |
| Strength of the Wild | 3 | |
| Druid of the Claw Training | 2 | |
| Marksmanship | 1 | |
| Reinforced Hides | 2 | |
| Improved Bows | 1 | |
| Hardened Skin | 1 | |
| Resistant Skin | 1 | |
12 total
» buildings
| Altar of Elders | 1 | |
| Moon Well | 8 | |
| Ancient of War | 1 | |
| Hunter's Hall | 1 | |
| Tree of Ages | 1 | |
| Tree of Life | 1 | |
| Tree of Eternity | 1 | |
| Ancient of Lore | 4 | |
| Ancient of Wonders | 1 | |
19 total
» build order
00:05 Altar of Elders
00:11 Moon Well
01:07 Ancient of War
01:47 Moon Well
02:42 Moon Well
03:26 Hunter's Hall
04:35 Moon Well
05:42 Tree of Ages
05:45 Tree of Life
06:08 Moon Well
06:09 Moon Well
08:10 Moon Well
08:11 Moon Well
08:21 Tree of Eternity
10:13 Ancient of Lore
11:20 Ancient of Lore
11:24 Ancient of Lore
13:11 Ancient of Wonders
15:39 Ancient of Lore
» items
Chat log
(00:05 / All) Covington: hi daddy
(00:07 / All) Covington: dharma
(00:18 / All) opalcat91: so you did search 4s instead of 3s!
(00:27 / Allies) Covington: haha ye :)
(00:40 / All) Covington: haha ye :)
(00:53 / All) opalcat91: gl hf
(00:57 / All) Covington: glgl
(07:30 / Allies) Richter: they went all range except for dharms
(08:44 / Allies) Covington: bb
(08:45 / Allies) Covington: care
(08:47 / Allies) Covington: all come
(08:55 / Allies) Covington: go
(09:39 / All) Dharma: hi
(10:33 / Allies) Covington: tp?
(11:46 / Allies) Richter: green
(11:47 / Allies) Richter: waje uo
(11:51 / Allies) Richter: wake up
(12:06 / Allies) Covington: b
(12:12 / Allies) Covington: ill tp
(12:13 / Allies) Covington: get in base
(13:23 / Allies) Covington: uproot
(13:24 / Allies) Covington: shop
(15:05 / Allies) Richter: ur killing ur crypt man
(15:20 / Allies) Richter: stop ur spirit towers green
(15:25 / Allies) Richter: idiot
(16:55 / Allies) Covington: dont save my base
(17:43 / Allies) skrt: triple crypt gargs
(17:46 / Allies) skrt: isnt going to win us
(17:48 / Allies) skrt: this game
(18:39 / Allies) Covington: care yellow u ahve no tp
(18:43 / Allies) skrt: i dont care
(18:51 / Allies) skrt: green threw
(18:51 / Allies) Covington: bb
(19:08 / Allies) Covington: gog
(19:40 / Allies) Richter: i said they all have range
(19:42 / Allies) Richter: and u go gargs